 Dungeon Crawl Stone Soup version 0.25-a0-571-gb5e01bddfa (webtiles) character file.

Game seed: 11229806040430164424, levelgen mode: deterministic

9060 Flugslaktarn the Cleaver (level 11, 0/100 HPs)
             Began as a Deep Dwarf Fighter on Feb 29, 2020.
             Was an Elder of Makhleb.
             Slain by a 12-headed hydra (8 damage)
             ... on level 3 of the Lair of Beasts.
             The game lasted 00:04:14 (5575 turns).

Flugslaktarn the Cleaver (Deep Dwarf Fighter)       Turns: 5575, Time: 00:04:15

Health: 0/100      AC: 16    Str: 23    XL:     11   Next: 18%
Magic:  14/14      EV:  5    Int:  9    God:    Makhleb [****..]
Gold:   188        SH: 12    Dex: 18    Spells: 10/10 levels left

rFire    . . .     SeeInvis .   x - +4 hand axe
rCold    . . .     Gourm    .   c - +0 kite shield
rNeg     . . .     Faith    .   B - +0 plate armour
rPois    .         Spirit   .   (helmet restricted)
rElec    .         Reflect  .   (no cloak)
rCorr    +         Harm     .   p - +1 pair of gloves
MR       +....     Clarity  +   (no boots)
Stlth    ..........             (no amulet)
HPRegen  0.00/turn              k - ring of resist corrosion
MPRegen  0.14/turn              o - +4 ring of dexterity

@: non-regenerating
A: damage resistance, heal wounds, horns 1, talons 1, agile 1, clarity, sense
surroundings 2, no regeneration
a: Heal Wounds, Minor Destruction, Lesser Servant of Makhleb, Major Destruction,
Renounce Religion


You were on level 3 of the Lair of Beasts.
You worshipped Makhleb.
Makhleb was greatly pleased with you.
You were not hungry.

You visited 3 branches of the dungeon, and saw 12 of its levels.

You collected 393 gold pieces.
You spent 205 gold pieces at shops.

Inventory:

Hand Weapons
 a - a +0 war axe
 i - a +1 hand axe of venom
   (You found it on level 3 of the Dungeon)
 x - a +4 hand axe (weapon)
   (You took it off a wight on level 7 of the Dungeon)
Armour
 c - a +0 kite shield (worn)
 j - a +2 helmet
   (You found it on level 5 of the Dungeon)
 p - a +1 pair of gloves (worn)
   (You found it on level 5 of the Dungeon)
 B - a +0 plate armour (worn)
   (You took it off an orc warrior on level 8 of the Dungeon)
Jewellery
 b - an uncursed ring of fire {unknown}
   (You found it on level 1 of the Lair of Beasts)
 k - a ring of resist corrosion (left hand)
   (You found it on level 4 of the Dungeon)
 o - a +4 ring of dexterity (right hand)
   (You found it on level 5 of the Dungeon)
 G - an uncursed amulet of rage {unknown}
   (You found it on level 3 of the Lair of Beasts)
Wands
 n - a wand of clouds (5)
   (You found it on level 4 of the Dungeon)
 y - a wand of paralysis (5)
   (You found it on level 2 of the Lair of Beasts)
 A - a wand of iceblast (8)
   (You found it on level 7 of the Dungeon)
Scrolls
 q - 3 scrolls of fog
 r - a scroll of identify
 s - a scroll of brand weapon {unknown}
 t - 2 scrolls of teleportation
 w - 3 scrolls of remove curse
 z - 2 scrolls of blinking
 C - a scroll of acquirement {unknown}
Potions
 d - 2 potions of might
 f - 2 potions of lignification
 h - 4 potions of haste
 l - 2 potions of brilliance {unknown}
 m - 4 potions of curing {unknown}
 u - 3 potions of heal wounds
 v - 2 potions of flight
 D - a potion of stabbing
 E - a potion of mutation
 F - a potion of ambrosia
 H - a potion of invisibility {unknown}
Comestibles
 e - 13 rations
 g - 15 chunks of flesh


   Skills:
 + Level 7.2 Fighting
 * Level 11.4 Axes
 + Level 8.6 Armour
 + Level 8.6 Shields
 + Level 8.4 Invocations


You had 10 spell levels left.
You didn't know any spells.
Your spell library was empty.

Dungeon Overview and Level Annotations

Branches:
Dungeon (8/15)             Temple (1/1) D:4            Lair (3/6) D:8
 Spider (0/4) Lair:2
  Swamp: Lair:2-4    Shoals: Lair:2-4

Altars:
Ashenzari
Cheibriados
Dithmenos
Elyvilon
Fedhas
Gozag
Hepliaklqana
Kikubaaqudgha
Makhleb
Nemelex Xobeh
Okawaru
Qazlal
Ru
Sif Muna
Trog
Uskayaw
Wu Jian
Xom
Zin
The Shining One

Shops:
D:5 !   D:8 [=*


Innate Abilities, Weirdness & Mutations

You are resistant to damage.
You can heal yourself by infusing magical energy.
You passively map the area around you.
You do not regenerate.
You have a pair of small horns on your head.
You have sharp toenails.
You are agile. (Dex +2)
You possess an exceptional clarity of mind.


Message History

* * * LOW HITPOINT WARNING * * *
The 12-headed hydra bites you.
* * * LOW HITPOINT WARNING * * *
The 12-headed hydra bites you but does no damage.
You are too injured to fight recklessly!
You are too injured to fight recklessly!
You are too injured to fight recklessly!
You are too injured to fight recklessly!
You are too injured to fight recklessly!
A demon appears!
The 12-headed hydra bites you but does no damage.
You block the 12-headed hydra's attack. The 12-headed hydra barely misses you.
The 12-headed hydra bites you.
* * * LOW HITPOINT WARNING * * *
You block the 12-headed hydra's attack. The 12-headed hydra bites you.
The 12-headed hydra bites you but does no damage.
The 12-headed hydra bites you!
* * * LOW HITPOINT WARNING * * *
The 12-headed hydra bites you!
You die...

, , , ,, * ##..... , ,
.......#≈≈≈.## #...... ,,
.......≈≈≈≈.P* ###....
.........#..# ##.... ,,
............## #.....
.............# ##.... ,,
,.............#### #....
,
..###..D4.....#P####....
,..#≈...@................
, , ,
...≈..†.....#.........<.
, ,
........................
, ,
.............####.##....
,* P.####.#.#..##
#######. ** # * ########
##


You could see a 12-headed hydra and a friendly orange demon.

Vanquished Creatures
  2 black mambas
  2 spiny frogs
  5 komodo dragons
  A demonic crawler (Lair:2)
  2 hippogriffs (Lair:2)
  10 yaks
  A wyvern (Lair:2)
  A basilisk (Lair:2)
  Edmund (D:5)
  3 water moccasins (Lair:1)
  2 porcupines
  2 sky beasts
  An ice beast (D:5)
  An orc warrior (D:8)
  A phantom (D:4)
  3 ogres
  A centaur (D:7)
  4 crocodiles
  A big kobold (D:8)
  7 bullfrogs
  6 scorpions
  A water moccasin skeleton (D:7)
  8 wights
  4 killer bees (D:8)
  A howler monkey (D:5)
  An electric eel (Lair:2)
  7 crimson imps
  A bullfrog zombie (D:7)
  2 hounds
  2 jellies
  A gnoll shaman (D:7)
  2 bullfrog skeletons
  A centaur skeleton (D:6)
  3 orc wizards
  6 iguanas
  3 worker ants
  A hound zombie (D:7)
  7 gnolls
  4 adders
  2 shadow imps
  An ooze (D:7)
  An adder skeleton (D:8)
  5 worms
  A dart slug (D:1)
  7 leopard geckos
  20 orcs
  4 giant cockroaches
  2 hobgoblins (D:3)
  13 jackals
  10 kobolds
  2 quokkas
  3 bats
  3 frilled lizards
  A jackal skeleton (D:7)
  2 rats
  A fungus (Lair:1)
190 creatures vanquished.

Vanquished Creatures (others)
  3 plants (D:8)
3 creatures vanquished.

Grand Total: 193 creatures vanquished

Notes
Turn   | Place    | Note
-------+----------+-------------------------------------------
     0 | D:1      | Flugslaktarn the Deep Dwarf Fighter began the quest for the
                  | Orb.
     0 | D:1      | Reached XP level 1. HP: 20/20 MP: 1/1
    90 | D:1      | Found a glowing golden altar of the Shining One.
   178 | D:1      | Reached XP level 2. HP: 24/27 MP: 2/2
   291 | D:3      | Reached skill level 3 in Axes
   291 | D:3      | Reached XP level 3. HP: 33/34 MP: 3/3
   372 | D:4      | Reached XP level 4. HP: 39/42 MP: 4/4
   387 | D:4      | Noticed a phantom
   433 | D:4      | Killed a phantom
   433 | D:4      | Reached skill level 4 in Axes
   433 | D:4      | Reached XP level 5. HP: 25/49 MP: 5/5
   444 | D:5      | Entered Level 5 of the Dungeon
   543 | D:5      | Noticed an ice beast
   561 | D:5      | Killed an ice beast
   561 | D:5      | Reached XP level 6. HP: 23/56 MP: 6/6
   598 | D:5      | Reached skill level 5 in Axes
   965 | D:4      | Found a staircase to the Ecumenical Temple.
  1096 | Temple   | Entered the Ecumenical Temple
  1232 | Temple   | Became a worshipper of Makhleb the Destroyer
  1390 | D:4      | Found a snail-covered altar of Cheibriados.
  1718 | D:5      | Found Ytaico's Distillery.
  1719 | D:5      | Noticed Edmund
  1738 | D:5      | Killed Edmund
  1738 | D:5      | Reached skill level 1 in Invocations
  1738 | D:5      | Reached XP level 7. HP: 40/64 MP: 6/6
  1743 | D:5      | Bought a potion of mutation for 112 gold pieces
  1749 | D:5      | Gained mutation: You possess an exceptional clarity of
                  | mind. [potion of mutation]
  1749 | D:5      | Gained mutation: You have sharp toenails. [potion of
                  | mutation]
  1749 | D:5      | Gained mutation: You have a pair of small horns on your
                  | head. [potion of mutation]
  1749 | D:5      | Gained mutation: You are agile. (Dex +2) [potion of
                  | mutation]
  1821 | D:5      | Reached skill level 5 in Armour
  1821 | D:5      | Reached skill level 5 in Shields
  2115 | D:5      | Reached skill level 6 in Axes
  2494 | D:6      | Reached * piety under Makhleb
  2498 | D:6      | Reached XP level 8. HP: 55/73 MP: 9/9
  2666 | D:6      | Found a sparkling altar of Nemelex Xobeh.
  2719 | D:7      | Reached skill level 7 in Axes
  2810 | D:7      | Found a sparkling altar of Nemelex Xobeh.
  2815 | D:7      | Reached skill level 5 in Fighting
  2845 | D:7      | Reached ** piety under Makhleb
  3044 | D:7      | Reached skill level 8 in Axes
  3075 | D:7      | Gained mutation: You passively map the area around you.
                  | [Deep Dwarf growth]
  3075 | D:7      | Reached XP level 9. HP: 75/81 MP: 11/11
  3255 | D:8      | Reached skill level 5 in Invocations
  3291 | D:8      | Found an ornate altar of the Wu Jian Council.
  3365 | D:8      | Reached *** piety under Makhleb
  3370 | D:8      | Found a staircase to the Lair.
  3370 | D:8      | Noticed a komodo dragon
  3468 | D:8      | Reached skill level 9 in Axes
  3470 | D:8      | Found Etini's Assorted Antiques.
  3485 | D:8      | Bought 2 scrolls labeled MOOPYU ETHO for 48 gold pieces
  3485 | D:8      | Bought a scroll labeled XEOSUC UCSUPPE for 24 gold pieces
  3485 | D:8      | Bought an inky potion for 21 gold pieces
  3557 | D:8      | Found Muenn's Jewellery Boutique.
  3576 | D:8      | Found Qusch's Antique Armour Emporium.
  3867 | D:8      | Killed a komodo dragon
  3928 | Lair:1   | Entered Level 1 of the Lair of Beasts
  3928 | Lair:1   | Noticed a komodo dragon
  3928 | Lair:1   | Noticed a black mamba
  3943 | Lair:1   | Killed a komodo dragon
  3951 | Lair:1   | Killed a black mamba
  3977 | Lair:1   | Reached XP level 10. HP: 57/91 MP: 13/13
  3985 | Lair:1   | Noticed a spiny frog
  4001 | Lair:1   | Killed a spiny frog
  4010 | Lair:1   | Reached skill level 10 in Axes
  4840 | Lair:2   | Noticed a black mamba
  4851 | Lair:2   | Killed a black mamba
  4858 | Lair:2   | Reached skill level 11 in Axes
  4867 | Lair:2   | Found a hole to the Spider Nest.
  4889 | Lair:2   | Reached **** piety under Makhleb
  5042 | Lair:2   | Noticed a spiny frog
  5051 | Lair:2   | Killed a spiny frog
  5051 | Lair:2   | Reached XP level 11. HP: 62/100 MP: 15/15
  5559 | Lair:3   | Noticed a five-headed hydra
  5575 | Lair:3   | Slain by a 12-headed hydra

Levels and vault maps discovered:
D:1:      sevenhm_arrival_forest_fort_large_2, layout_loops_ring, tso_metal_star
D:2:      layout_loops_ring, dk_noncrumbling_2, uniq_jessica,
          uniq_crazy_yiuf_cottage
D:3:      layout_loops_ring, marbit_many_paths
D:4:      layout_cave_pods, old_standard_altar,
          minmay_temple_entry_antechambers, first_ration, minmay_cupped
D:5:      layout_cave_pods, serial_shops, shop, uniq_edmund
D:6:      layout_gridville, nemelex_diamond_rough_becter
D:7:      layout_rooms, lemuel_coloured_pillars_altar
D:8:      layout_basic, lemuel_round_altar, david_lair_shrubbed, serial_shops,
          nicolae_shop_overgrown_old_shop, kennysheep_mini, shop
Temple:   nicolae_temple_elliptical
Lair:1:   layout_chaotic_city, nicolae_lair_grove_arrangements,
          cheibrodos_lair_reptile_den, lemuel_fruit_fields
Lair:2:   layout_regular_city, nicolae_spider_entry_non_spiders,
          infiniplex_staircase_pool
Lair:3:   layout_gridlike, minmay_shoals_entry_lonely_mermaid,
          chequers_serial_rivers_large_a

Skill      XL: |  1  2  3  4  5  6  7  8  9 10 |
---------------+-------------------------------+-----
Fighting       | 3 4 5 6 7 |  7.2
Axes           | 3 4 5 6 8 9 11 | 11.4
Armour         | 4 5 6 7 8 |  8.6
Shields        | 4 5 6 7 8 |  8.6
Invocations    | 1 3 4 6 8 |  8.4

Action                   |  1- 3 |  4- 6 |  7- 9 | 10-12 || total
-------------------------+-------+-------+-------+-------++-------
Melee: War axe           |    55 |       |       |       ||    55
       Hand axe          |     4 |   124 |   311 |   207 ||   646
       Kick              |       |       |   126 |   105 ||   231
       Headbutt          |       |       |    81 |    72 ||   153
Invok: Lesser Servant of |       |       |       |     1 ||     1
 Abil: Heal Wounds       |     1 |     3 |     7 |     6 ||    17
  Use: Scroll            |       |       |    17 |       ||    17
       Potion            |       |       |     1 |       ||     1
  Eat: Chunk             |       |     1 |     5 |     3 ||     9
       Ration            |       |       |     2 |       ||     2
Armor: Scale mail        |    28 |    34 |    75 |       ||   137
       Plate armour      |       |       |    25 |   105 ||   130
Dodge: Dodged            |    17 |    23 |    63 |    40 ||   143
Block: Kite shield       |    47 |    56 |   147 |   129 ||   379

Table legend:
 A = Non-vault XP
 B = Vault XP
 C = Vault XP percentage of total XP
 D = Non-vault monster count
 E = Vault monster count
 F = Vault count percentage of total count
                 A         B        C        D         E       F
            +---------+---------+-------+---------+---------+-------
      Total |   10987 |    1957 |  15.1 |     176 |      13 |   6.9
            +---------+---------+-------+---------+---------+-------
        D:1 |      12 |       0 |   0.0 |       6 |       0 |   0.0
        D:2 |      10 |       0 |   0.0 |       5 |       0 |   0.0
        D:3 |      67 |       0 |   0.0 |       9 |       0 |   0.0
        D:4 |     212 |      37 |  14.9 |      10 |       1 |   9.1
        D:5 |     612 |     173 |  22.0 |      20 |       1 |   4.8
        D:6 |     483 |       0 |   0.0 |      28 |       0 |   0.0
        D:7 |    1300 |       0 |   0.0 |      32 |       0 |   0.0
        D:8 |    1232 |     400 |  24.5 |      31 |       1 |   3.1
     Lair:1 |    2459 |     787 |  24.2 |      15 |       2 |  11.8
     Lair:2 |    3849 |     560 |  12.7 |      16 |       8 |  33.3
     Lair:3 |     751 |       0 |   0.0 |       4 |       0 |   0.0
            +---------+---------+-------+---------+---------+-------
